 Dungeon Crawl Stone Soup version 0.17-a0-1550-g78a4890 (webtiles) character file.

76 Malak the Caller (level 4, 0/24 HPs)
             Began as a Deep Elf Summoner on July 19, 2015.
             Slain by Grinder (3 damage)
             ... while paralysed by Grinder
             ... on level 3 of the Dungeon.
             The game lasted 00:29:29 (2440 turns).

Malak the Caller (Deep Elf Summoner)                Turns: 2440, Time: 00:29:29

Health: 0/24       AC:  4    Str:  5    XL:     4   Next: 12%
Magic:  1/11       EV:  2    Int: 21    God:
Gold:   127        SH:  0    Dex: 12    Spells: 3 memorised, 4 levels left

rFire  . . .     SeeInvis .     e - +0 dagger
rCold  . . .     Clarity  .     a - +0 robe
rNeg   . . .     SustAt   .     (no shield)
rPois  +         Gourm    .     (no helmet)
rElec  .         Spirit   .     (no cloak)
rCorr  .         Warding  .     j - +0 pair of gloves
rMut   .         Stasis   .     (no boots)
MR     .....                    (no amulet)
Stlth  ++........               (no ring)
                                d - -3 ring of dexterity (curse)

@: paralysed, very slightly contaminated, not resistant to hostile enchantments,
unstealthy
A: blink 1, poison resistance, shaggy fur 1
a: Blink


You were on level 3 of the Dungeon.
You were not hungry.

You visited 1 branch of the dungeon, and saw 3 of its levels.

You collected 127 gold pieces.

Inventory:

Hand weapons
 e - a +0 dagger (weapon)
 t - a +0 falchion
 x - a +0 hunting sling
Armour
 a - a +0 robe (worn)
 j - a +0 pair of gloves (worn)
 u - a +0 cloak
Jewellery
 d - a cursed -3 ring of dexterity (left hand)
 n - a cursed -2 ring of intelligence {unknown}
Scrolls
 f - a scroll of teleportation {unknown}
 g - a scroll of remove curse {unknown}
 i - a scroll of noise {unknown}
 l - a scroll of recharging {unknown}
 m - 5 scrolls of identify {unknown}
 o - 2 scrolls of immolation {unknown}
 p - a scroll of enchant weapon {unknown}
 q - 2 scrolls of magic mapping {unknown}
 r - a scroll of random uselessness {unknown}
 v - 2 scrolls of amnesia {unknown}
Potions
 k - a potion of flight {unknown}
Books
 b - a book of Callings

   Spells                             Type                      Level
   a - Summon Small Mammal            Summoning                    1
   b - Call Imp                       Summoning                    2
   c - Call Canine Familiar           Summoning                    3
   d - Summon Guardian Golem          Hexes/Summoning              3
   e - Summon Lightning Spire         Summoning/Air                4
   f - Summon Ice Beast               Ice/Summoning                4
Comestibles
 c - 3 bread rations
 h - 3 fruits
 s - 2 chunks of flesh


   Skills:
 + Level 2.7 Dodging
 + Level 3.3 Stealth
 + Level 3.9 Spellcasting
 + Level 5.4 Summonings


You had 4 spell levels left.
You knew the following spells:

 Your Spells              Type           Power        Failure   Level  Hunger
a - Summon Small Mammal   Summ           ####         1%          1    None
b - Call Imp              Summ           ####....     1%          2    #......
c - Call Canine Familiar  Summ           ####....     4%          3    ###....


Dungeon Overview and Level Annotations

Branches:
Dungeon (3/15)

Altars:
Cheibriados
Okawaru

Annotations:
D:3 Grinder


Innate Abilities, Weirdness & Mutations

You can translocate small distances at will.
Your system is resistant to poisons.
You are covered in fur (AC +1).


Message History

Your hound cannot move out of your way!
You completely miss Grinder.
Grinder is heavily wounded.
Grinder closely misses you.
You barely miss Grinder.
Grinder is heavily wounded.
Grinder hits you!
You writhe in agony.
Your hound cannot move out of your way!
You hit Grinder.
Grinder is heavily wounded.
Grinder hits you.
You writhe in agony.
Your hound cannot move out of your way!
You hit Grinder but do no damage.
Grinder is heavily wounded.
Grinder gestures at you.
You suddenly lose the ability to move!
Grinder hits you.
* * * LOW HITPOINT WARNING * * *
You writhe in agony.
You die...

.#.# ## .#(#
... .#.# ....
.#.##.....
.......<..
##.##.)[..
#.# .... #.#
###########
#.# #.....5@#
#.#####
#.#####h#
#.#...# #.#
#.# #.##..#
#.# #[#
#.##..# #.#
#.#
#.##..###.#
#.#
#.##......#
#.#
##....######
#.#
.............
..#


You could see Grinder and a friendly hound (paralysed).

Vanquished Creatures
  An adder (D:2)
  2 hobgoblins
  A quokka (D:2)
  3 bats
  A kobold (D:2)
  3 rats
11 creatures vanquished.

Vanquished Creatures (collateral kills)
  3 adders
  An ooze (D:1)
  2 worms (D:2)
  A giant gecko (D:2)
  An orc (D:3)
  8 bats
  4 giant cockroaches
  4 hobgoblins
  7 kobolds
  2 quokkas (D:3)
  3 giant newts
  10 goblins
  11 rats
57 creatures vanquished.

Grand Total: 68 creatures vanquished

Notes
Turn   | Place    | Note
--------------------------------------------------------------
     0 | D:1      | Malak the Deep Elf Summoner began the quest for the Orb.
     0 | D:1      | Reached XP level 1. HP: 10/10 MP: 6/6
   201 | D:1      | Reached XP level 2. HP: 13/15 MP: 5/8
   208 | D:1      | Learned a level 2 spell: Call Imp
  1050 | D:1      | Reached skill level 5 in Summonings
  1092 | D:2      | Reached XP level 3. HP: 15/19 MP: 3/9
  1097 | D:2      | Learned a level 3 spell: Call Canine Familiar
  1401 | D:2      | Found a snail-covered altar of Cheibriados.
  1689 | D:2      | Found an iron altar of Okawaru.
  2036 | D:3      | Reached XP level 4. HP: 8/24 MP: 4/11
  2040 | D:3      | Gained mutation: You can translocate small distances at will. [potion of mutation]
  2040 | D:3      | Gained mutation: Your system is resistant to poisons. [potion of mutation]
  2040 | D:3      | Gained mutation: You are covered in fur (AC +1). [potion of mutation]
  2040 | D:3      | HP: 1/24 [poisoned by an adder]
  2400 | D:3      | Noticed Grinder
  2439 | D:3      | Paralysed by Grinder for 4 turns
  2440 | D:3      | Slain by Grinder

Vault maps used:
D:1:      mrwooster_arrival_statue_3
D:2:      cheibriados_altar_1, old_standard_altar, kennysheep_generic_room_3
D:3:      ecumenical_altar_1, uniq_grinder

Action                   |  1- 3 |  4- 6 || total
-------------------------+-------+-------++-------
Melee: Dagger            |    24 |     6 ||    30
 Cast: Summon Small Mamm |    13 |       ||    13
       Call Imp          |    23 |     3 ||    26
       Call Canine Famil |    10 |     5 ||    15
  Use: Potion            |       |     2 ||     2
 Stab: Sleeping          |     6 |       ||     6
  Eat: Chunk             |     5 |     2 ||     7
